 Dungeon Sprint DCSS version 0.30.1-11-g7821555f0a (webtiles) character file.

Game seed: 11331459931877035123

4 Groucho the Sneak (level 1, -3/9 HPs)
             Began as a Spriggan Enchanter on Dec 8, 2023.
             Slain by a neqoxec (12 damage)
             ... in the Dungeon (Sprint II: "The Violet Keep of Menkaure").
             The game lasted 00:00:55 (27 turns).

Groucho the Sneak (Spriggan Enchanter)                Turns: 27, Time: 00:00:56

Health: -3/9       AC:  2    Str:  4    XL:     1   Next: 50%
Magic:  5/5        EV: 17    Int: 16    God:
Gold:   0          SH:  0    Dex: 13    Spells: 6/6 levels left

rFire   . . .        a - +1 dagger
rCold   . . .        (no shield)
rNeg    . . .        b - +0 robe
rPois   .            (helmet restricted)
rElec   .            (no cloak)
rCorr   .            (gloves unavailable)
SInv    +            (boots unavailable)
Will    .....        (no amulet)
Stlth   +++          (no ring)
HPRegen 0.21/turn    (no ring)
MPRegen 0.09/turn

%: no teleportation
@: hasted, invisible, very quick
A: very small, no large weapons, unfitting armour, see invisible, speed 3,
clumsy 1
a: no special abilities


You were in the Dungeon.
You visited 1 branch

Inventory:

Hand Weapons
 a - a +1 dagger (weapon)
Armour
 b - a +0 robe (worn)
Scrolls
 i - a scroll of blinking
Potions
 c - a potion of invisibility
 d - a potion of curing
 e - a potion of heal wounds
 g - 2 potions of magic
 h - a potion of berserk rage


   Skills:
 + Level 0.8 Fighting
 + Level 1.8 Short Blades
 - Level 2.6 Dodging
 + Level 5.0 Stealth
 + Level 3.1 Spellcasting
 + Level 4.0 Hexes


You had 6 spell levels left.
You didn't know any spells.
Your spell library contained the following spells:

 Spells                   Type           Power      Damage    Failure   Level
 Confusing Touch          Hex            15%        N/A       11%         3
 Tukima's Dance           Hex            15%        N/A       11%         3
 Ensorcelled Hibernation  Hex/Ice        18%        N/A       12%         2
 Dazzling Flash           Conj/Hex       18%        N/A       24%         3


Dungeon Overview and Level Annotations

Branches:
Dungeon (1/1)

Altars:


Innate Abilities, Weirdness & Mutations

You are very small and have problems with some larger weapons.
You are too small for most types of armour.
You have supernaturally acute eyesight. (SInv)
You cover ground extremely quickly. (Speed+++)
You are clumsy. (Dex -2)


Message History

You hit the worm.
You kill the worm!
Your Stealth skill increases to level 5!
Your Spellcasting skill increases to level 3!
Your Hexes skill increases to level 4!
Unknown command.
Unknown command.
There is an open door here.
You close the door.
You open the door.
A neqoxec comes into view.
The neqoxec shouts!
You hear a shout! x2
A neqoxec comes into view.
There is an open door here.
You closely miss the neqoxec.
The neqoxec shouts!
You hit the neqoxec but do no damage. The neqoxec gestures at you.
Strange energies course through your body.
You feel clumsy.
You hit the neqoxec.
The neqoxec is lightly wounded.
The neqoxec closely misses you.
You hit the neqoxec but do no damage.
The neqoxec is lightly wounded.
You barely miss the neqoxec.
The neqoxec is lightly wounded.
You hit the neqoxec but do no damage.
The neqoxec is lightly wounded.
You hit the neqoxec but do no damage.
The neqoxec is lightly wounded.
The neqoxec shouts!
The neqoxec closely misses you.
You hit the neqoxec.
The neqoxec is lightly wounded.
You closely miss the neqoxec.
The neqoxec is lightly wounded.
The neqoxec hits you!
Ouch! That really hurt!
You die...

## ##.
#.w##
#.$#
##+#
##.###
+.<.@#
##.##3#
#+# #3#
##


You could see 2 neqoxecs.

Vanquished Creatures
  A worm (D)
1 creature vanquished.

Notes
Turn   | Place    | Note
-------+----------+-------------------------------------------
     0 | D        | Groucho the Spriggan Enchanter began the quest for the Orb.
     0 | D        | Reached XP level 1. HP: 9/9 MP: 5/5
    13 | D        | Reached skill level 5 in Stealth
    17 | D        | Noticed a neqoxec
    18 | D        | Noticed a neqoxec
    20 | D        | Gained mutation: You are clumsy. (Dex -2) [a neqoxec]
    27 | D        | Slain by a neqoxec

Illustrated notes

Levels and vault maps discovered:
D:        the_violet_keep_of_menkaure [sprint2_stairs_cluster_1,
          sprint2_shoproom, sprint2_temple, sprint2_basic_supplies,
          sprint2_obstacle_1, sprint2_obstacle_7, sprint2_obstacle_3,
          sprint2_obstacle_4, sprint2_obstacle_5, sprint2_timed_cluster_1,
          sprint2_smallroom_cluster_1, sprint2_smallroom_final_cluster_1,
          sprint2_transparent_cluster_1, sprint2_second_timed_cluster_1,
          sprint2_sniper_area_1, sprint2_heavy_combat_area_1,
          sprint2_mutation_trap_area_1, sprint2_forest_area_1,
          sprint2_light_combat_area_1, sprint2_behind_water_1,
          sprint2_near_end_vault_1]

Skill      XL: |  1 |
---------------+----+-----
Stealth        | 5 |  5.0
Spellcasting   | 3 |  3.1
Hexes          | 4 |  4.0
Fighting       | |  0.8
Short Blades   | |  1.8
Dodging        | |  2.6

Action                     || total
---------------------------++-------
  Melee: Dagger            ||    14
    Use: Potion            ||     2
   Stab: Sleeping          ||     1
  Dodge: Dodged            ||     3
